 Dungeon Crawl Stone Soup version 0.23.2-33-g5129a83184 (webtiles) character file.

Game seed: 5375033736890787134

3626 lepoulpe303 the Reanimator (level 9, -9/78 HPs)
             Began as a Deep Dwarf Necromancer on July 26, 2019.
             Was a Follower of Makhleb.
             Mangled by a two-headed ogre
             ... wielding a +0 giant club
              (22 damage)
             ... on level 9 of the Dungeon on July 28, 2019.
             The game lasted 00:56:08 (11357 turns).

lepoulpe303 the Reanimator (DDNe)                  Turns: 11357, Time: 00:56:08

Health: -9/78      AC: 12    Str: 12    XL:     9   Next: 87%
Magic:  17/17      EV: 14    Int: 19    God:    Makhleb [*.....]
Gold:   466        SH:  5    Dex: 13    Spells: 10/19 levels left

rFire    . . .     SeeInvis .   N - +2 dagger (chaos)
rCold    . . .     Gourm    +   y - +0 buckler
rNeg     . . .     Faith    .   I - +3 leather armour
rPois    +         Spirit   .   D - +0 helmet
rElec    .         Reflect  .   v - +0 cloak
rCorr    .         Harm     .   u - +2 pair of gloves
MR       +....                  z - +0 pair of boots
Stlth    +++.......             G - amulet of the gourmand
HPRegen  0.00/turn              P - ring of poison resistance
MPRegen  0.15/turn              (no ring)

@: non-regenerating
A: damage resistance, heal wounds, sense surroundings 2, no regeneration
a: Heal Wounds, Renounce Religion


You were on level 9 of the Dungeon.
You worshipped Makhleb.
Makhleb was aware of your devotion.
You were not hungry.

You visited 2 branches of the dungeon, and saw 10 of its levels.

You collected 466 gold pieces.

Inventory:

Hand Weapons
 a - a +0 short sword
 N - a +2 dagger of chaos (weapon)
Missiles
 s - 2 javelins of returning (quivered)
 t - 4 tomahawks of returning
 x - 21 poisoned needles
 C - 9 tomahawks
 Q - 162 stones
Armour
 u - a +2 pair of gloves (worn)
 v - a +0 cloak (worn)
 y - a +0 buckler (worn)
 z - a +0 pair of boots (worn)
 B - a +0 robe
 D - a +0 helmet (worn)
 I - a +3 leather armour (worn)
 O - a +1 robe
Magical Staves
 F - an uncursed staff of summoning {!a}
Jewellery
 G - an amulet of the gourmand (around neck)
 K - an uncursed ring of ice {unknown}
 P - a ring of poison resistance (left hand)
 S - a cursed amulet of rage {unknown}
Wands
 E - a wand of enslavement (9)
 J - a wand of flame (12)
Scrolls
 d - a scroll of enchant weapon {unknown}
 f - a scroll of immolation {unknown}
 g - 5 scrolls of fear
 i - 10 scrolls of identify
 j - 3 scrolls of fog {unknown}
 k - 3 scrolls of amnesia {unknown}
 r - 4 scrolls of teleportation {unknown}
 w - 8 scrolls of remove curse
 A - 2 scrolls of magic mapping {unknown}
 R - a scroll of blinking {unknown}
Potions
 b - a potion of cancellation {unknown}
 c - 2 potions of might {unknown}
 h - a potion of haste {unknown}
 l - 4 potions of mutation {unknown}
 m - 3 potions of brilliance {unknown}
 n - 3 potions of heal wounds {unknown}
 o - a potion of flight {unknown}
 p - a potion of lignification {unknown}
 q - a potion of curing {unknown}
 H - a potion of degeneration {unknown}
 L - a potion of invisibility {unknown}
 M - a potion of berserk rage {unknown}
Comestibles
 e - 8 rations


   Skills:
 + Level 4.0 Fighting
 + Level 3.7 Short Blades
 + Level 5.4 Dodging
 + Level 6.5 Stealth
 - Level 4.0 Shields
 * Level 5.6 Spellcasting
 * Level 8.4 Necromancy
 * Level 5.2 Invocations


You had 10 spell levels left.
You knew the following spells:

 Your Spells              Type           Power        Failure   Level  Hunger
a - Pain                  Necr           ####         1%          1    None
b - Animate Dead          Necr           N/A          4%          4    ####...
x - Vampiric Draining     Necr           #####.....   1%          3    ##.....
A - Animate Skeleton      Necr           N/A          1%          1    None

Your spell library contained the following spells:

 Spells                   Type           Power        Failure   Level  Hunger
 Summon Lightning Spire   Summ/Air       #.......     83%         4    ####...
 Silence                  Hex/Air        #.........   99%         5    #####..
 Conjure Ball Lightning   Conj/Air       #.........   100%        6    #######
 Deflect Missiles         Chrm/Air       #.........   100%        6    #######
 Tornado                  Air            #.........   100%        9    #######
 Regeneration             Chrm/Necr      Unusable     N/A         3    N/A

Dungeon Overview and Level Annotations

Branches:
Dungeon (9/15)             Temple (1/1) D:7
   Lair: D:8-11         Orc: D:9-12

Altars:
Ashenzari
Cheibriados
Dithmenos
Elyvilon
Fedhas
Gozag
Hepliaklqana
Kikubaaqudgha
Makhleb
Nemelex Xobeh
Okawaru
Qazlal
Ru
Sif Muna
Trog
Uskayaw
Vehumet
Wu Jian
Xom
Yredelemnul
Zin
The Shining One

Shops:
D:7 *

Annotations:
D:4 exclusion: Menkaure, Menkaure
D:5 1 runed translucent door, Hycrow's ghost, novice MiBe


Innate Abilities, Weirdness & Mutations

You are resistant to damage.
You can heal yourself by infusing magical energy.
You passively map the area around you.
You do not regenerate.


Message History

You start resting.
Your magical contamination has completely faded away.
You start resting.
MP restored: 17 You swap places.
You see here a yak corpse.
You butcher the yak corpse.
T - a chunk of flesh You see here a yak skeleton.
Eating a chunk of flesh.
You eat the chunk of flesh.
This raw flesh tastes great.
You swap places.
There is a stone staircase leading down, spattered with blood here.
You climb downwards.
Your mindless thrall stays behind.
The two-headed ogre completely misses you.
The two-headed ogre hits you with a +0 dire flail!
* * * LOW HITPOINT WARNING * * *
The yak closely misses you.
The two-headed ogre hits you with a +0 giant club!!
You die...

#..O.#..#.#........ ,,
#...##..#.#........ ,
#.#.#...#.......... *
#...#.###.......... *
#####.#....######## ,
#....+....'....... * *
#....#....#....... *
#....#....#....... * ,* *
#@...######....... , ,#....
#YOY.# #........ #..#.
#####....#* +........ , + #....*
#Y..#....######....... ####....
#Y#.#....#....#....... +....#[.
#.#.'..!.#....########
#.#.....###.#.#....#............
#...#* #......#....#.......###..
#...#, #.#.#########............


You could see a two-headed ogre and 2 yaks.

Levels and vault maps discovered:
D:1:      psy_arrival_dodecagon, layout_basic, chequers_mini_garden
D:2:      minmay_chambers_of_twos, layout_basic,
          grunt_temple_overflow_forces_of_nature, first_ration,
          kennysheep_generic_room_5
D:3:      layout_basic
D:4:      layout_basic, corexii_shack, minmay_manual_mandibuliform,
          uniq_menkaure
D:5:      layout_basic, ebering_ghost_reflecting_pool, uniq_ijyb
D:6:      layout_loops_ring, minmay_misc_feat_pillars
D:7:      layout_loops_cross, minmay_temple_entry_proselytizer, serial_shops,
          nicolae_shop_temple_entry_statues_fountains
D:8:      layout_gridville, minitemple, serial_glass, glass_columns_c,
          glass_columns_a, glass_columns_a, glass_columns_b
D:9:      layout_stronghold, grunt_lair_entry_orc_guard_hut, basic_altar,
          serial_shops, kennysheep_mini, uniq_psyche
Temple:   dpeg_five_rooms_temple

Notes
Turn   | Place    | Note
-------+----------+-------------------------------------------
     0 | D:1      | lepoulpe303 the Deep Dwarf Necromancer began the quest for
                  | the Orb.
     0 | D:1      | Reached XP level 1. HP: 15/15 MP: 3/3
     7 | D:1      | Identified a +0 dagger
    74 | D:1      | Identified a +0 club
    76 | D:1      | Identified a +0 club
   168 | D:1      | Reached skill level 2 in Spellcasting
   168 | D:1      | Reached XP level 2. HP: 16/22 MP: 0/5
   171 | D:1      | Learned a level 1 spell: Animate Skeleton
   422 | D:1      | Identified a +0 club
   461 | D:1      | Identified a +0 dagger
   588 | D:1      | Reached XP level 3. HP: 18/30 MP: 3/6
   637 | D:1      | Identified a +0 club
   949 | D:1      | Learned a level 3 spell: Vampiric Draining
   952 | D:1      | Reached skill level 3 in Stealth
   991 | D:1      | Identified a +0 dagger
  1617 | D:2      | Identified a +0 club
  1685 | D:2      | Identified a +0 club
  1802 | D:2      | Identified a +0 dagger
  1903 | D:2      | Identified a +0 club
  1942 | D:2      | Found a stormy altar of Qazlal.
  1948 | D:2      | Found a blossoming altar of Fedhas.
  1960 | D:2      | Reached XP level 4. HP: 29/37 MP: 1/7
  2409 | D:3      | Identified a +0 spear
  2410 | D:3      | Identified a +0 spear
  2421 | D:3      | Reached skill level 1 in Fighting
  2421 | D:3      | Reached skill level 5 in Necromancy
  2753 | D:3      | Identified a +0 spear
  3057 | D:3      | Identified a +0 club
  3169 | D:3      | Identified 6 scrolls of identify
  3169 | D:3      | Identified a ring of poison resistance (You found it on
                  | level 3 of the Dungeon)
  3285 | D:3      | Identified a cursed +0 war axe
  3285 | D:3      | Identified a +0 leather armour
  3286 | D:3      | Identified a +0 ring mail
  3286 | D:3      | Identified a +0 short sword
  3286 | D:3      | Identified a +0 leather armour
  3297 | D:3      | Reached XP level 5. HP: 43/44 MP: 2/9
  3303 | D:3      | Learned a level 4 spell: Animate Dead
  3362 | D:3      | Identified a +1 mace of protection
  3392 | D:3      | Identified a cursed -2 dagger
  3739 | D:3      | Identified a +0 cloak (You found it on level 3 of the
                  | Dungeon)
  3744 | D:3      | Identified a +2 pair of gloves (You found it on level 3 of
                  | the Dungeon)
  3766 | D:3      | Reached skill level 1 in Short Blades
  3915 | D:4      | Identified a +0 pair of boots (You found it on level 4 of
                  | the Dungeon)
  3920 | D:4      | Identified a +0 buckler (You found it on level 3 of the
                  | Dungeon)
  3925 | D:4      | Identified a cursed -2 dagger
  3925 | D:4      | Identified a +0 robe
  3925 | D:4      | Identified a +0 flail
  3925 | D:4      | Identified a +0 ring mail
  3925 | D:4      | Identified a +0 mace
  3996 | D:4      | Identified a cursed +0 halberd
  3996 | D:4      | Identified a +0 robe
  3996 | D:4      | Identified a cursed +0 flail
  3996 | D:4      | Identified a +0 robe
  4067 | D:4      | Reached skill level 3 in Spellcasting
  4264 | D:3      | Reached skill level 3 in Dodging
  4265 | D:3      | Reached skill level 1 in Shields
  4365 | D:4      | Reached XP level 6. HP: 35/51 MP: 10/10
  4419 | D:4      | Identified a +0 scimitar
  4419 | D:4      | Identified a +0 robe
  4420 | D:4      | Identified a +0 trident
  4420 | D:4      | Identified a +0 robe
  4552 | D:4      | Identified a +0 short sword (You found it on level 4 of the
                  | Dungeon)
  4626 | D:4      | Identified a +0 hand axe
  4626 | D:4      | Identified a cursed -3 falchion
  4626 | D:4      | Identified a +0 dagger
  4714 | D:4      | Reached skill level 4 in Stealth
  5242 | D:4      | Identified a +0 leather armour
  5245 | D:4      | Identified a +0 club
  5245 | D:4      | Identified a +0 ring mail
  5308 | D:4      | Reached XP level 7. HP: 40/58 MP: 0/12
  5354 | D:4      | Identified a +0 giant club
  5360 | D:3      | Reached skill level 2 in Fighting
  5538 | D:4      | Noticed Menkaure
  5722 | D:4      | Identified a +0 club
  5728 | D:4      | Reached skill level 6 in Necromancy
  6062 | D:4      | Identified a cursed +0 dagger (You found it on level 4 of
                  | the Dungeon)
  6105 | D:5      | Entered Level 5 of the Dungeon
  6118 | D:5      | Reached skill level 2 in Short Blades
  6166 | D:5      | Reached skill level 2 in Shields
  6202 | D:5      | Identified a +0 leather armour
  6202 | D:5      | Noticed Ijyb
  6535 | D:5      | Killed Ijyb
  6720 | D:5      | Found a runed translucent door.
  6721 | D:5      | Noticed Hycrow's ghost (novice MiBe)
  6739 | D:5      | Identified a cursed -2 shortbow
  6985 | D:5      | Reached skill level 4 in Spellcasting
  7040 | D:5      | Reached XP level 8. HP: 56/68 MP: 0/14
  7524 | D:6      | Identified a +0 dagger
  7524 | D:6      | Identified a +0 robe
  7524 | D:6      | Identified a +0 flail
  7536 | D:6      | Identified a +0 whip
  7581 | D:6      | Reached skill level 4 in Dodging
  7581 | D:6      | Reached skill level 5 in Stealth
  7657 | D:6      | Identified a +0 helmet (You found it on level 6 of the
                  | Dungeon)
  8048 | D:7      | Identified a +0 war axe
  8048 | D:7      | Identified a +3 leather armour
  8051 | D:7      | Identified a +0 dagger
  8056 | D:7      | Identified a +0 dagger
  8056 | D:7      | Identified a +0 robe
  8172 | D:7      | Identified a +0 war axe
  8172 | D:7      | Identified a +0 scale mail
  8207 | D:7      | Found Roqudorph's Assorted Antiques.
  8239 | D:7      | Identified a +0 leather armour
  8240 | D:7      | Identified a +0 shortbow
  8372 | D:7      | Identified an uncursed amulet of the gourmand
  8445 | D:7      | Found a staircase to the Ecumenical Temple.
  8453 | Temple   | Entered the Ecumenical Temple
  8723 | Temple   | Became a worshipper of Makhleb the Destroyer
  8834 | D:7      | Identified a +0 leather armour
  8840 | D:7      | Reached skill level 7 in Necromancy
  9031 | D:7      | Identified a +0 giant club
  9040 | D:7      | Reached skill level 3 in Fighting
  9040 | D:7      | Reached skill level 3 in Shields
  9040 | D:7      | Reached skill level 1 in Invocations
  9539 | D:8      | Identified a +0 giant club
  9539 | D:8      | Identified a +0 dire flail
  9539 | D:8      | Noticed a two-headed ogre
  9544 | D:8      | Killed a two-headed ogre
  9544 | D:8      | Reached skill level 3 in Short Blades
  9544 | D:8      | Reached skill level 3 in Invocations
  9544 | D:8      | Gained mutation: You passively map the area around you.
                  | [Deep Dwarf growth]
  9544 | D:8      | Reached XP level 9. HP: 24/76 MP: 2/16
  9617 | D:8      | Identified a +0 war axe
  9618 | D:8      | Identified a +0 whip
  9640 | D:8      | Identified a +0 whip
  9640 | D:8      | Identified a +0 leather armour
  9640 | D:8      | Identified a +0 club
  9895 | D:8      | Reached skill level 5 in Spellcasting
 10194 | D:8      | Found an ancient bone altar of Kikubaaqudgha.
 10201 | D:8      | Found a hazy altar of Hepliaklqana.
 10327 | D:8      | Reached skill level 5 in Dodging
 10327 | D:8      | Reached skill level 6 in Stealth
 10484 | D:8      | Reached skill level 4 in Invocations
 10730 | D:9      | Identified a +2 dagger of chaos
 10730 | D:9      | Identified a +1 robe
 10730 | D:9      | Noticed Psyche
 10736 | D:9      | Killed Psyche
 10736 | D:9      | Reached skill level 4 in Shields
 10736 | D:9      | Reached skill level 8 in Necromancy
 10993 | D:9      | Found a stormy altar of Qazlal.
 11007 | D:9      | Reached * piety under Makhleb
 11007 | D:9      | Reached skill level 5 in Invocations
 11087 | D:9      | Identified a +0 giant club
 11087 | D:9      | Identified a +0 dire flail
 11087 | D:9      | Noticed a two-headed ogre
 11143 | D:9      | Identified 9 scrolls of remove curse
 11144 | D:9      | Identified 6 scrolls of fear
 11173 | D:8      | Reached skill level 4 in Fighting
 11357 | D:9      | HP: 13/78 [two-headed ogre/+0 giant club (10)]
 11357 | D:9      | Mangled by a two-headed ogre

Table legend:
 A = Turns spent in this place as a percentage of turns spent in the entire game.
 B = Non-inter-level travel turns spent in this place as a percentage of non-inter-level travel turns spent in the entire game.
 C = Inter-level travel turns spent in this place as a percentage of turns spent in this place.
 D = Turns resting spent in this place as a percentage of non-inter-level travel turns spent in this place.
 E = Turns spent auto-exploring this place as a percentage of non-inter-level travel turns spent in this place.
 F = Non-inter-level travel turns spent in this place divided by the number of levels of this place that you've seen.
                   A       B       C       D       E      F
               +-------+-------+-------+-------+-------+----------------------
         Total | 100.0 | 100.0 |   5.6 |  27.1 |  44.4 | 1072.1
       Dungeon |  97.3 |  98.0 |   4.9 |  27.7 |  43.3 | 1167.1
        Temple |   2.7 |   2.0 |  29.1 |   0.0 |  97.2 | 217.0
               +-------+-------+-------+-------+-------+----------------------

Table legend:
 A = Kills in this place as a percentage of kills in entire the game.
 B = Kills by you in this place as a percentage of kills by you in the entire game.
 C = Kills by friends in this place as a percentage of kills by friends in the entire game.
 D = Other kills in this place as a percentage of other kills in the entire game.
 E = Experience gained in this place as a percentage of experience gained in the entire game.
 F = Experience gained in this place divided by the number of levels of this place that you have seen.
                   A       B       C       D       E      F
               +-------+-------+-------+-------+-------+----------------------
         Total | 100.0 | 100.0 | 100.0 |   N/A | 100.0 | 518.1
       Dungeon | 100.0 | 100.0 | 100.0 |   N/A | 100.0 | 575.7
               +-------+-------+-------+-------+-------+----------------------

Skill      XL: |  1  2  3  4  5  6  7  8  9 |
---------------+----------------------------+-----
Spellcasting   | 2 3 4 5 |  5.6
Stealth        | 3 4 5 6 |  6.5
Fighting       | 1 2 3 4 |  4.0
Necromancy     | 5 6 7 8 |  8.4
Short Blades   | 1 2 3 |  3.7
Dodging        | 3 4 5 |  5.4
Shields        | 1 2 3 4 |  4.0
Invocations    | 3 5 |  5.2

Action                   |  1- 3 |  4- 6 |  7- 9 || total
-------------------------+-------+-------+-------++-------
Melee: Dagger            |    14 |    47 |    27 ||    88
       Short sword       |       |    61 |   209 ||   270
Throw: Javelin           |       |     3 |       ||     3
       Stone             |       |     1 |       ||     1
 Cast: Pain              |    69 |    54 |    98 ||   221
       Vampiric Draining |    13 |    42 |    68 ||   123
       Animate Skeleton  |     1 |     1 |     2 ||     4
       Animate Dead      |       |     1 |    11 ||    12
Evoke: Wand              |       |       |     2 ||     2
  Use: Scroll            |       |     1 |     3 ||     4
 Stab: Sleeping          |     3 |     4 |     8 ||    15
       Distracted        |       |       |     4 ||     4
       Confused          |       |       |     1 ||     1
  Eat: Chunk             |     5 |    12 |    16 ||    33
       Ration            |       |     1 |     3 ||     4
Armor: Robe              |    11 |    42 |    63 ||   116
       Leather armour    |       |       |    44 ||    44
Dodge: Dodged            |    42 |   115 |   194 ||   351
Block: Buckler           |       |    19 |    60 ||    79

Vanquished Creatures
  A two-headed ogre (D:8)
  Psyche (D:9)
  2 yaks (D:8)
  A porcupine (D:9)
  An ice beast (D:8)
  2 phantoms
  A black bear (D:9)
  2 ogres
  2 centaurs
  3 bullfrogs
  5 scorpions
  A wyvern skeleton (D:8)
  6 howler monkeys
  2 jellies
  A hound (D:5)
  3 orc priests
  An iguana (D:3)
  2 bullfrog skeletons
  2 orc wizards
  2 centaur skeletons (D:4)
  Ijyb (D:5)
  3 worker ants
  A hound zombie (D:6)
  2 hound skeletons (D:4)
  3 gnolls (D:3)
  8 adders
  A shadow imp (D:8)
  An ooze (D:1)
  An adder zombie (D:7)
  2 adder skeletons (D:4)
  3 worms
  4 dart slugs
  3 leopard geckos
  21 orcs
  2 ball pythons
  8 giant cockroaches
  6 goblins
  7 hobgoblins
  19 jackals
  8 kobolds
  4 quokkas
  9 bats
  9 frilled lizards
  A leopard gecko skeleton (D:4)
  12 rats
180 creatures vanquished.

Vanquished Creatures (collateral kills)
  2 sky beasts (D:8)
  A centaur zombie (D:9)
  2 crimson imps
  An orc wizard (D:6)
  An adder (D:9)
  An orc (D:7)
8 creatures vanquished.

Vanquished Creatures (others)
  A hound (D:6)
1 creature vanquished.

Grand Total: 189 creatures vanquished
